 Dungeon Crawl Stone Soup version 0.24.1-8-ga250c9d538 (webtiles) character file.

Game seed: 3819617588855953334, levelgen mode: deterministic

139707 Gruesph the Basher (level 17, -4/112 HPs)
             Began as a Gargoyle Earth Elementalist on Apr 28, 2020.
             Was the Champion of Ashenzari.
             Slain by a redback (11 damage)
             ... on level 1 of the Spider Nest on May 2, 2020.
             The game lasted 03:01:31 (35134 turns).

Gruesph the Basher (Gargoyle Earth Elementalist)   Turns: 35134, Time: 03:01:32

Health: -4/112     AC: 36    Str: 15    XL:     17   Next: 29%
Magic:  29/31      EV: 14    Int: 20    God:    Ashenzari [******]
Gold:   1772       SH:  5    Dex: 13    Spells: 2/36 levels left

rFire    + . .     SeeInvis +   a - +0 eveningstar (protect) (curse)
rCold    + . .     Gourm    .   N - +0 buckler
rNeg     + . .     Faith    .   P - +1 ring mail {MR+}
rPois    ∞         Spirit   .   H - +2 hat
rElec    +         Reflect  .   Q - scarf {rC+ rF+}
rCorr    .         Harm     .   y - +2 pair of gloves {Dex+3} (curse)
MR       ++...     Clarity  +   m - +1 pair of boots
Stlth    ++........             n - amulet of magic regeneration (curse)
HPRegen  0.28/turn              o - +5 ring of protection (curse)
MPRegen  0.47/turn              u - +3 ring of protection

@: very slightly contaminated
A: big wings, negative energy resistance 1, electricity resistance, unbreathing,
petrification resistance, rot immunity, AC +12
a: Fly, Curse Item, Scrying, Transfer Knowledge, Renounce Religion


You were on level 1 of the Spider Nest.
You worshipped Ashenzari.
Ashenzari was exalted by your worship.
You were hungry.

You visited 5 branches of the dungeon, and saw 25 of its levels.
You also visited: Gauntlet.

You collected 2798 gold pieces.
You spent 1026 gold pieces at shops.

Inventory:

Hand Weapons
 a - a cursed +0 eveningstar of protection (weapon)
Missiles
 b - 167 stones (quivered)
 j - 639 arrows
 l - 7 curare-tipped darts
 v - 33 poisoned darts
 E - 4 throwing nets
Armour
 m - a +1 pair of boots (worn)
 y - a cursed +2 pair of gloves of dexterity (worn)
 H - a +2 hat (worn)
 N - a +0 buckler (worn)
 P - a +1 ring mail of magic resistance (worn)
 Q - a scarf of resistance (worn)
Jewellery
 d - an uncursed ring of protection from cold
 n - a cursed amulet of magic regeneration (around neck)
 o - a cursed +5 ring of protection (left hand)
 t - an uncursed ring of wizardry
 u - a +3 ring of protection (right hand)
Wands
 g - a wand of disintegration (26)
 w - a wand of paralysis (7)
 G - a wand of digging (14)
 K - a wand of flame (54)
 O - a wand of polymorph (20)
 V - a wand of iceblast (6)
Scrolls
 i - 3 scrolls of identify
 k - 15 scrolls of teleportation
 r - 7 scrolls of remove curse
 s - 4 scrolls of enchant armour
 x - 4 scrolls of blinking
 z - 5 scrolls of enchant weapon
 B - 4 scrolls of fear
 F - 3 scrolls of amnesia
 L - a scroll of fog
 U - 2 scrolls of magic mapping
Potions
 c - 2 potions of curing
 p - 6 potions of mutation
 q - 5 potions of lignification
 A - 2 potions of ambrosia
 C - 2 potions of agility
 D - 3 potions of haste
 J - 2 potions of berserk rage
 M - 2 potions of invisibility
 R - 2 potions of might
 S - 3 potions of brilliance
Miscellaneous
 e - a fan of gales
Comestibles
 f - 25 rations


   Skills:
 - Level 14.5 Fighting
 - Level 14.8(18.8) Maces & Flails
 + Level 8.0 Armour
 + Level 6.3 Dodging
 - Level 3.0 Stealth
 - Level 4.0 Shields
 - Level 10.0 Spellcasting
 + Level 9.7(12.5) Conjurations
 - Level 2.5(5.0) Charms
 - Level 2.0(4.2) Translocations
 - Level 2.0(4.3) Transmutations
 - Level 14.4(17.0) Earth Magic
 - Level 2.0(4.2) Poison Magic
 - Level 3.6(6.3) Evocations


You had 2 spell levels left.
You knew the following spells:

 Your Spells              Type           Power        Failure   Level  Hunger
a - Sandblast             Erth           ######       0%          1    None
b - Stone Arrow           Conj/Erth      ######       1%          3    None
c - Lee's Rapid Deconstr  Erth           ######....   1%          5    ####...
d - Petrify               Tmut/Erth      ######..     1%          4    ##.....
e - Passwall              Tmut/Erth      ######..     1%          2    None
f - Mephitic Cloud        Conj/Pois/Air  ####....     3%          3    None
g - Blink                 Tloc           N/A          3%          2    None
h - Swiftness             Chrm/Air       ###.....     6%          2    None
i - Iron Shot             Conj/Erth      ######....   4%          6    ######.
j - Deflect Missiles      Chrm/Air       ###.......   99%         6    ######.

Your spell library contained the following spells:

 Spells                   Type           Power        Failure   Level  Hunger
 Flame Tongue             Conj/Fire      #####        1%          1    None
 Magic Dart               Conj           ####         1%          1    None
 Sting                    Conj/Pois      ####         1%          1    None
 Searing Ray              Conj           ######       1%          2    None
 Throw Flame              Conj/Fire      #####.       1%          2    None
 Poisonous Vapours        Pois/Air       ###...       7%          2    None
 Corona                   Hex            ##.....      11%         1    None
 Call Imp                 Summ           ##......     16%         2    None
 Ensorcelled Hibernation  Hex/Ice        ##....       16%         2    None
 Slow                     Hex            ##......     16%         2    None
 Iskenderun's Mystic Bla  Conj           ######..     1%          4    ##.....
 Conjure Flame            Conj/Fire      #####...     2%          3    None
 Dazzling Spray           Conj/Hex       #####.       2%          3    None
 Force Lance              Conj/Tloc      #####...     3%          4    ##.....
 Leda's Liquefaction      Hex/Erth       #####.....   3%          4    ##.....
 Bolt of Magma            Conj/Fire/Erth ######....   5%          5    ####...
 Spider Form              Tmut/Pois      ####......   6%          3    None
 Fulminant Prism          Conj/Hex       #####.....   9%          4    ##.....
 Iskenderun's Battlesphe  Conj/Chrm      #####...     9%          5    ####...
 Borgnjor's Vile Clutch   Necr/Erth      #####.....   10%         5    ####...
 Ignite Poison            Fire/Tmut/Pois ###.....     11%         3    None
 Venom Bolt               Conj/Pois      #####.....   11%         5    ####...
 Spectral Weapon          Hex/Chrm       ###.....     12%         3    None
 Portal Projectile        Hex/Tloc       ###...       14%         3    None
 Call Canine Familiar     Summ           ##......     30%         3    None
 Confuse                  Hex            ##......     30%         3    None
 Tukima's Dance           Hex            ##......     30%         3    None
 Vampiric Draining        Necr           ##........   30%         3    None
 Orb of Destruction       Conj           ######....   52%         7    #######
 Silence                  Hex/Air        ##........   96%         5    ####...
 Darkness                 Hex            ##........   100%        6    ######.
 Shadow Creatures         Summ           N/A          100%        6    ######.
 Spellforged Servitor     Conj/Summ      #####.....   100%        7    #######
 Shatter                  Erth           ######....   100%        9    #######
 Statue Form              Tmut/Erth      Unusable     N/A         6    N/A

Dungeon Overview and Level Annotations

Branches:
Dungeon (15/15)            Temple (1/1) D:6            Lair (6/6) D:10
 Shoals (0/4) Lair:3       Spider (1/4) Lair:4        Slime (0/5) Lair:6
    Orc (2/2) D:11            Elf (0/3) Orc:2        Vaults (0/5) D:13
 Depths (0/5) D:15        Gauntlet (visited)

Altars:
Ashenzari
Cheibriados
Dithmenos
Elyvilon
Fedhas
Gozag
Hepliaklqana
Kikubaaqudgha
Makhleb
Nemelex Xobeh
Okawaru
Qazlal
Ru
Sif Muna
Trog
Uskayaw
Vehumet
Wu Jian
Xom
Yredelemnul
Zin
The Shining One
Beogh
Jiyva

Shops:
D:14 :   D:15 *   Orc:1 }   Orc:2 ([*:

Annotations:
D:9 1 runed translucent door
Spider:1 1 runed translucent door


Innate Abilities, Weirdness & Mutations

You are resistant to torment.
Your stone body is resilient. (AC +12)
You are immune to poison.
Your large and strong wings let you fly indefinitely.
You resist negative energy. (rN+)
You are resistant to electric shocks. (rElec)
You can survive without breathing.
You are immune to petrification.
You are immune to rotting.


Message History

The jumping spider leaps!
The redback closely misses you.
The redback bites you but does no damage.
You block the redback's attack.
The redback bites you but does no damage.
The redback is no longer berserk.
The tarantella closely misses you. The redback barely misses you.
The redback bites you!
* * * LOW HITPOINT WARNING * * *
The redback bites you!
* * * LOW HITPOINT WARNING * * *
The redback bites you!
* * * LOW HITPOINT WARNING * * *
The redback completely misses you.
Okay, then.
Unknown command.
As you read the scroll of fear, it crumbles to dust.
You assume a fearsome visage.
The redback looks frightened!
The jumping spider looks frightened!
The redback looks frightened!
The moth of wrath looks frightened!
The tarantella is no longer berserk.
The redback closely misses you. The redback bites you!
You die...

#.....................###
*##.........#............#
##.......................##
(......#.........#........#
.......................#.##
......#.................##
.........#......#<.....##
....#.........#.†#†....#
....†..........s@....### *
#.............sssss..#*∆ *
...........>...ss....#,,,
..............s.s....#,{,
...^.#..........y##### ,,
** * .................#* ,
,, {{** ....^..^#........#∆
,{{ + , ........^...#....#
{ , ,
.....^#...#......##### + *


You could see a moth of wrath (fleeing), a jumping spider (fleeing), a
tarantella and 8 redbacks.

Vanquished Creatures
  An orc warlord (Orc:1)
  An entropy weaver (Spider:1)
  Nessos (Lair:4)
  A minotaur (Gauntlet)
  Josephine (Lair:5)
  Erolcha (D:13)
  A rakshasa (D:13)
  A vault guard (D:13)
  4 hydras
  3 catoblepae
  Erica (D:8)
  2 two-headed ogres
  Urug (Lair:4)
  2 tengu warriors
  10 death yaks
  3 orc high priests (Orc:2)
  A deep elf knight (D:9)
  The ghost of ChadusMaximus the Thaumaturge, a novice DECj of Vehumet (D:8)
  5 unseen horrors
  2 wolf spider zombies
  5 wolf spiders
  5 orc knights
  2 manticores (D:15)
  A deep elf mage (D:14)
  6 orc sorcerers
  5 cyclopes
  A wolf spider (shapeshifter) (D:15)
  Maurice (D:11)
  A worldbinder (Gauntlet)
  Joseph (D:8)
  17 elephants
  9 black mambas
  A torpor snail (Lair:4)
  A centaur zombie (D:12)
  A guardian serpent (Lair:6)
  16 spiny frogs
  4 gargoyles
  A demonic crawler (Lair:4)
  An efreet (D:14)
  5 komodo dragons
  2 freezing wraiths
  4 red devils (D:14)
  A queen bee (D:14)
  5 jumping spiders
  5 trolls
  A tengu conjurer (D:15)
  A polar bear (Lair:4)
  8 slime creatures
  A raiju (Gauntlet)
  12 blink frogs
  7 dream sheep
  3 hornets
  16 hippogriffs
  37 redbacks
  6 shadows (Gauntlet)
  7 tarantellas (Spider:1)
  12 wyverns
  8 wraiths
  Grum (D:9)
  4 basilisks
  3 hungry ghosts
  61 yaks
  3 steam dragons
  3 vampire mosquitoes
  4 wargs
  3 swamp worms (Lair:3)
  21 water moccasins
  9 porcupines
  A necrophage (D:8)
  3 ice beasts
  39 orc warriors
  2 eyes of draining
  6 sky beasts
  2 black bears
  4 phantoms
  2 boggarts
  16 ogres
  7 wolves
  21 centaurs
  14 crocodiles
  A big kobold (D:8)
  15 bullfrogs
  A wyvern skeleton (D:13)
  4 scorpions
  26 killer bees
  17 wights
  3 howler monkeys
  6 electric eels
  6 crimson imps
  A bullfrog zombie (D:9)
  2 bullfrog skeletons
  5 jellies
  2 quasits
  31 orc priests
  10 hounds
  41 orc wizards
  9 centaur skeletons
  5 iguanas
  2 gnoll shamans
  8 worker ants
  A hound zombie (D:6)
  A hound skeleton (D:6)
  A worker ant zombie (D:6)
  2 howler monkey skeletons
  Robin (D:3)
  11 gnolls
  13 adders
  5 shadow imps
  3 oozes
  An adder zombie (D:7)
  An adder skeleton (D:9)
  3 worms (D:2)
  3 dart slugs
  6 leopard geckos
  110 orcs
  2 ball pythons
  11 bats
  7 giant cockroaches
  20 goblins
  6 hobgoblins
  17 jackals
  7 quokkas
  10 frilled lizards
  A jackal skeleton (D:4)
  7 kobolds
  A quokka skeleton (D:4)
  10 rats
  A fungus (Lair:5)
949 creatures vanquished.

Vanquished Creatures (others)
  An orc (Orc:2)
  6 demonic plants (Gauntlet)
  13 fungi
  14 plants
  2 withered plants (Gauntlet)
36 creatures vanquished.

Grand Total: 985 creatures vanquished

Notes
Turn   | Place    | Note
-------+----------+-------------------------------------------
     0 | D:1      | Gruesph the Gargoyle Earth Elementalist began the quest for
                  | the Orb.
     0 | D:1      | Reached XP level 1. HP: 10/10 MP: 3/3
   344 | D:1      | Reached XP level 2. HP: 13/16 MP: 5/5
   479 | D:1      | Reached skill level 1 in Fighting
   613 | D:1      | Reached XP level 3. HP: 17/20 MP: 6/6
  1331 | D:1      | Learned a level 2 spell: Passwall
  1335 | D:1      | Learned a level 3 spell: Stone Arrow
  1499 | D:2      | Reached XP level 4. HP: 22/26 MP: 7/7
  1574 | D:2      | Noticed a hippogriff
  1584 | D:2      | Killed a hippogriff
  1584 | D:2      | Reached skill level 5 in Earth Magic
  1584 | D:2      | Reached XP level 5. HP: 9/32 MP: 1/9
  1584 | D:2      | Reached XP level 6. HP: 10/37 MP: 1/10
  1590 | D:2      | Learned a level 4 spell: Petrify
  2469 | D:3      | Found a faded altar of an unknown god.
  2717 | D:3      | Found a shattered altar of Ashenzari.
  2758 | D:3      | Noticed Robin
  2774 | D:3      | Killed Robin
  3031 | D:3      | Became a worshipper of Ashenzari the Shackled
  3166 | D:3      | Reached XP level 7. HP: 41/43 MP: 12/12
  3228 | D:3      | Paralysed by a goblin for 2 turns
  3812 | D:4      | Got the uncursed cloak "Dinwas" {rF+ Int+3}
  3818 | D:4      | Identified the +0 cloak "Dinwas" {rF+ Int+3} (You found it
                  | on level 4 of the Dungeon)
  4548 | D:5      | Entered Level 5 of the Dungeon
  4571 | D:4      | Reached skill level 5 in Fighting
  4589 | D:4      | Learned a level 5 spell: Lee's Rapid Deconstruction
  4798 | D:5      | Reached XP level 8. HP: 49/49 MP: 14/14
  4886 | D:5      | Identified Doohieqi's Collected Works on Cankerous Boosts
  4933 | D:5      | Reached skill level 5 in Spellcasting
  5402 | D:5      | Reached * piety under Ashenzari
  5439 | D:5      | Reached XP level 9. HP: 47/57 MP: 9/16
  5932 | D:6      | Identified the Handbook of Flames
  5971 | D:6      | Reached skill level 1 in Maces & Flails
  6477 | D:6      | Found a staircase to the Ecumenical Temple.
  6483 | Temple   | Entered the Ecumenical Temple
  6946 | D:7      | Found a shimmering altar of Xom.
  6946 | D:7      | Found an iron altar of Okawaru.
  6946 | D:7      | Found a snail-covered altar of Cheibriados.
  6946 | D:7      | Found a basalt altar of Yredelemnul.
  6946 | D:7      | Found a hide-covered altar of Uskayaw.
  6946 | D:7      | Found a white marble altar of Elyvilon.
  6951 | D:7      | Learned a level 3 spell: Mephitic Cloud
  6951 | D:7      | Found a radiant altar of Vehumet.
  7137 | D:7      | Found a blossoming altar of Fedhas.
  7445 | D:7      | Reached skill level 1 in Conjurations
  7448 | D:7      | Reached skill level 10 in Earth Magic
  7846 | D:8      | Noticed a hornet
  7861 | D:8      | Killed a hornet
  8024 | D:8      | Noticed Joseph
  8040 | D:8      | Killed Joseph
  8040 | D:8      | Reached XP level 10. HP: 52/65 MP: 4/17
  8218 | D:8      | Reached ** piety under Ashenzari
  8699 | D:8      | Noticed Erica
  8712 | D:8      | Killed Erica
  8754 | D:8      | Found a runed translucent door.
  8754 | D:8      | Noticed ChadusMaximus's ghost (novice DECj)
  8765 | D:8      | Killed ChadusMaximus's ghost
  8765 | D:8      | Reached skill level 5 in Maces & Flails
  9005 | D:8      | Reached skill level 5 in Conjurations
  9501 | D:9      | Noticed a two-headed ogre
  9505 | D:9      | Killed a two-headed ogre
  9505 | D:9      | Reached skill level 10 in Fighting
  9558 | D:9      | Reached XP level 11. HP: 70/72 MP: 13/19
  9674 | D:9      | Found a runed translucent door.
  9946 | D:9      | Noticed a deep elf knight
  9967 | D:9      | Noticed a tengu warrior
 10321 | D:9      | Killed a tengu warrior
 10773 | D:9      | Noticed Grum
 10777 | D:9      | Reached skill level 1 in Transmutations
 10778 | D:9      | Killed Grum
 10800 | D:9      | Reached skill level 1 in Poison Magic
 11114 | D:9      | Killed a deep elf knight
 11186 | D:9      | Learned a level 2 spell: Blink
 11448 | D:10     | Entered Level 10 of the Dungeon
 11736 | D:10     | Reached skill level 1 in Translocations
 12079 | D:10     | Reached XP level 12. HP: 46/80 MP: 8/22
 12356 | D:10     | Found a staircase to the Lair.
 13314 | Lair:1   | Entered Level 1 of the Lair of Beasts
 13332 | Lair:1   | Reached *** piety under Ashenzari
 13456 | Lair:1   | Found a gate leading to a gauntlet.
 13465 | Gauntlet | Entered a Gauntlet
 13465 | Gauntlet | Found a transporter.
 13465 | Gauntlet | Found a transporter.
 13465 | Gauntlet | Found a transporter.
 13491 | Gauntlet | Found a transporter.
 13492 | Gauntlet | Found a transporter.
 13496 | Gauntlet | Found a transporter.
 13503 | Gauntlet | Found a transporter.
 13504 | Gauntlet | Found a transporter.
 13506 | Gauntlet | Found a transporter.
 13506 | Gauntlet | Found a transporter.
 13508 | Gauntlet | Noticed a death scarab
 13514 | Gauntlet | Found a transporter.
 13515 | Gauntlet | Found a transporter.
 13742 | Gauntlet | Reached XP level 13. HP: 80/84 MP: 19/24
 13743 | Gauntlet | Gained mutation: Your large and strong wings let you fly
                  | indefinitely. [Gargoyle growth]
 13743 | Gauntlet | Reached XP level 14. HP: 86/90 MP: 19/25
 15491 | Lair:2   | Reached skill level 1 in Evocations
 15588 | Lair:2   | Reached **** piety under Ashenzari
 16840 | Lair:2   | Learned a level 2 spell: Swiftness
 16966 | Lair:1   | Reached skill level 1 in Charms
 18894 | Lair:3   | Identified The Foundations of Casting
 18989 | Lair:3   | Found a staircase to the Shoals.
 19158 | Lair:4   | Noticed Nessos
 19165 | Lair:4   | Killed Nessos
 19249 | Lair:4   | Noticed Urug
 19260 | Lair:4   | Killed Urug
 19327 | Lair:4   | Reached XP level 15. HP: 88/97 MP: 25/28
 19363 | Lair:4   | Found a hole to the Spider Nest.
 19962 | Lair:4   | Identified Aleagai's Rites and Rhymes, Part Three
 19987 | Lair:4   | Learned a level 6 spell: Iron Shot
 20573 | Lair:4   | Found a hole to the Spider Nest.
 21200 | Lair:5   | Reached ***** piety under Ashenzari
 21340 | Lair:5   | Reached skill level 1 in Shields
 21474 | Lair:5   | Reached skill level 10 in Spellcasting
 22053 | Lair:6   | Entered Level 6 of the Lair of Beasts
 22057 | Lair:6   | Got the uncursed buckler of the Merchant {Str-4 Dex+2 SInv}
 22193 | Lair:6   | Noticed Josephine
 22696 | Lair:5   | Killed Josephine
 23987 | Lair:6   | Learned a level 6 spell: Deflect Missiles
 24407 | Lair:6   | Reached skill level 1 in Armour
 24654 | Lair:6   | Found a viscous altar of Jiyva.
 24654 | Lair:6   | Found a staircase to the Slime Pits.
 25712 | D:11     | Noticed Maurice
 25715 | D:11     | Killed Maurice
 26003 | D:11     | Reached XP level 16. HP: 107/107 MP: 19/30
 26456 | D:11     | Found a roughly hewn altar of Beogh.
 26456 | D:11     | Found a staircase to the Orcish Mines.
 27067 | D:12     | Identified a scroll of acquirement
 27472 | D:12     | Identified the +6 dagger of Makhleb's Anger {protect,
                  | +Blink +Rage Dex+2}
 28371 | D:13     | Found a gate to the Vaults.
 28922 | D:13     | Noticed Erolcha
 28926 | D:13     | Killed Erolcha
 29066 | D:14     | Reached skill level 5 in Armour
 29093 | D:14     | Found Xuollaiv's Book Shoppe.
 29856 | D:15     | Entered Level 15 of the Dungeon
 30119 | D:15     | Reached ****** piety under Ashenzari
 30487 | D:15     | Found Siopsuduch's Assorted Antiques.
 30488 | D:15     | Identified the +2 flail of Uskayaw's Hope {freeze, Dex+2}
 30498 | D:15     | Bought a scroll of magic mapping for 108 gold pieces
 30498 | D:15     | Bought a scroll of remove curse for 93 gold pieces
 30752 | D:15     | Reached skill level 5 in Dodging
 30844 | D:15     | Found a staircase to the Depths.
 30871 | D:15     | Found a shadowy altar of Dithmenos.
 31341 | Orc:1    | Entered Level 1 of the Orcish Mines
 31629 | Orc:1    | Found Cofoh's Gadget Shop.
 31840 | Orc:2    | Entered Level 2 of the Orcish Mines
 32054 | Orc:2    | Found a roughly hewn altar of Beogh.
 32753 | Orc:2    | Reached XP level 17. HP: 65/112 MP: 15/31
 33382 | Orc:2    | Found a staircase to the Elven Halls.
 33471 | Orc:2    | Found Silocotu's Antique Armour Shoppe.
 33472 | Orc:2    | Found Xysetefu's Antique Weapon Shoppe.
 33473 | Orc:2    | Found Inaex's General Store.
 33473 | Orc:2    | Found Usaem's Book Emporium.
 33602 | Orc:2    | Found a roughly hewn altar of Beogh.
 33765 | Orc:2    | Bought a book of Dreams for 825 gold pieces
 34059 | Spider:1 | Entered Level 1 of the Spider Nest
 35083 | Spider:1 | Found a runed translucent door.
 35134 | Spider:1 | Slain by a redback

Levels and vault maps discovered:
D:1:      wander_arrival_fairy_ring, layout_basic
D:2:      layout_loops_ring
D:3:      layout_loops_ring, cheibrodos_ashenzari_chains,
          chequers_ecumenical_altar_island, uniq_robin
D:4:      layout_basic, first_ration, item_on_display_a
D:5:      layout_basic, minmay_misc_feat_five, kennysheep_dice
D:6:      layout_basic, minmay_temple_entry_offerings
D:7:      layout_gridville, old_standard_altar, grunt_temple_overflow_open
D:8:      layout_basic, ebering_ghost_reflecting_pool, minmay_microvault,
          uniq_erica, uniq_joseph
D:9:      minmay_the_grid_four_pointed_star_mashed
          [minmay_the_grid_triangle_9x9_subtriangle,
          minmay_the_grid_triangle_9x9_semitri,
          minmay_the_grid_triangle_9x9_corrupted_corridor,
          minmay_the_grid_triangle_9x9_empty, minmay_the_grid_prize_trominoes],
          layout_stronghold, uniq_grum
D:10:     layout_irregular_city, erik_lair_island, enter_bailey_3,
          serial_rivers, chequers_serial_rivers_large_a,
          chequers_serial_rivers_small_b, chequers_serial_rivers_micro_d,
          chequers_serial_rivers_small_b
D:11:     layout_loops_ring, david_orc_5, uniq_maurice
D:12:     layout_roguey [special_room_orc]
D:13:     minmay_blocky_corners, layout_long_grid, david_vaults_5, uniq_erolcha
D:14:     layout_roguey, bh_walls_and_bars, serial_shops, shop_statue,
          david_nohive_1, einodemon_armed_red_devil_minivault
D:15:     hangedman_depths_entry_try_elsewhere_first, layout_basic,
          serial_shops, nicolae_shop_stone,
          nicolae_dithmenos_through_a_glass_darkly
Temple:   dshaligram_water_room_temple
Lair:1:   layout_regular_city, gauntlet_entry_generic, st_stairs_3,
          grunt_megastairs_1, infiniplex_staircase_pool
Lair:2:   layout_regular_city, serial_rivers, chequers_serial_rivers_small_b,
          chequers_serial_rivers_room_a, chequers_serial_rivers_room_a,
          chequers_serial_rivers_micro_e, chequers_serial_rivers_micro_e
Lair:3:   layout_hall_layers, elwin_shoals_entry_rooms, worms_lemuel
Lair:4:   layout_roguey, spider_nest_entry_a, hangedman_lair_unloving_vines,
          uniq_nessos, uniq_urug
Lair:5:   layout_regular_city
Lair:6:   hangedman_lair_tendril_chambers, layout_gridlike, slime_altar_1,
          uniq_josephine
Spider:1: cheibrodos_spider_deadly_dance, spiders_nest_hornet_nest
Orc:1:    layout_caves, serial_shops, shop
Orc:2:    st_orc_congregation, layout_diamond_mine, hangedman_feature_mirror

Skill      XL: |  1  2  3  4  5  6  7  8  9 10 11 12 13 14 15 16 17 |
---------------+----------------------------------------------------+-----
Fighting       | 1 2 3 4 5 7 8 10 11 12 14 | 14.5
Earth Magic    | 4 5 6 7 9 10 11 12 13 14 | 14.4
Stealth        | 3 |  3.0
Spellcasting   | 3 4 5 7 9 10 | 10.0
Maces & Flails | 4 6 7 11 13 14 | 14.8
Conjurations   | 3 5 7 9 |  9.7
Transmutations | 2 |  2.0
Poison Magic   | 2 |  2.0
Translocations | 2 |  2.0
Evocations     | 3 |  3.6
Charms         | 2 |  2.5
Shields        | 4 |  4.0
Armour         | 2 7 8 |  8.0
Dodging        | 2 5 6 |  6.3

Action                   |  1- 3 |  4- 6 |  7- 9 | 10-12 | 13-15 | 16-18 || total
-------------------------+-------+-------+-------+-------+-------+-------++-------
Melee: Unarmed           |    22 |       |       |       |       |       ||    22
       Dagger            |    29 |       |       |       |       |       ||    29
       Mace              |   101 |   151 |   438 |   565 |   349 |       ||  1604
       Morningstar       |       |       |       |       |   407 |   205 ||   612
       Eveningstar       |       |       |       |       |       |   796 ||   796
Throw: Stone             |     2 |     3 |     3 |     1 |       |       ||     9
 Cast: Sandblast         |     5 |    19 |    48 |    53 |    95 |     2 ||   222
       Stone Arrow       |     1 |     1 |    21 |    35 |   119 |    73 ||   250
       Lee's Rapid Decon |       |       |    10 |    40 |   117 |   126 ||   293
       Blink             |       |       |       |       |     2 |     1 ||     3
       Swiftness         |       |       |       |       |     1 |     1 ||     2
Invok: Scrying           |       |       |       |     1 |       |       ||     1
       Curse Item        |       |       |       |     3 |     2 |       ||     5
Evoke: Wand              |       |       |       |     2 |     7 |     6 ||    15
  Use: Scroll            |       |       |    14 |     5 |     5 |     9 ||    33
       Potion            |       |       |     1 |     3 |     2 |     1 ||     7
 Stab: Sleeping          |     8 |     2 |     3 |     1 |       |     4 ||    18
       Confused          |       |       |       |     2 |     1 |     4 ||     7
       Distracted        |       |       |       |       |       |     2 ||     2
  Eat: Chunk             |     2 |     6 |    14 |    25 |    37 |    44 ||   128
       Ration            |       |       |     2 |     3 |     7 |     4 ||    16
Armor: Robe              |    83 |    81 |     5 |       |       |       ||   169
       Leather armour    |       |       |   346 |       |       |       ||   346
       Ring mail         |       |       |       |   501 |   662 |   648 ||  1811
Dodge: Dodged            |   127 |   102 |   347 |   378 |   499 |   556 ||  2009
Block: Buckler           |       |       |       |       |   129 |   207 ||   336
